 Dungeon Crawl Stone Soup version 0.29-a0-857-g9b1aa3ac5b (webtiles) character file.

Game seed: 16608240224147031614

116 concernfroge the Trooper (level 4, -2/37 HPs)
             Began as a Mummy Monk on July 16, 2022.
             Slain by a centaur
             ... wielding a +0 rapier
              (7 damage)
             ... on level 3 of the Dungeon.
             The game lasted 00:09:02 (2642 turns).

concernfroge the Trooper (Mummy Monk)               Turns: 2642, Time: 00:09:03

Health: -2/37      AC:  6    Str: 16    XL:     4   Next: 70%
Magic:  4/4        EV: 10    Int:  9    God:
Gold:   72         SH:  0    Dex: 14    Spells: 3/3 levels left

rFire   x . .      SeeInvis .   i - +0 trident
rCold   + . .      Faith    .   (no shield)
rNeg    + + +      Spirit   .   h - +0 scale mail
rPois   ∞          Reflect  .   (no helmet)
rElec   .          Harm     .   (no cloak)
rCorr   .          Rampage  .   (no gloves)
Will    .....                   (no boots)
Stlth   ..........              (no amulet)
HPRegen 0.12/turn               (no ring)
MPRegen 0.09/turn               (no ring)

@: no status effects
A: cold resistance 1, negative energy resistance 3, torment resistance 2, heat
vulnerability 1, in touch with death 1, no potions
a: no special abilities


You were on level 3 of the Dungeon.
You visited 1 branch of the dungeon, and saw 4 of its levels.

You collected 72 gold pieces.

Inventory:

Hand Weapons
 a - a +1 spear
 i - a +0 trident (weapon)
Missiles
 b - 2 boomerangs of dispersal (quivered)
Armour
 h - a +0 scale mail (worn)
Scrolls
 e - a scroll of identify
 f - a scroll of magic mapping


   Skills:
 + Level 4.0 Fighting
 + Level 3.2 Polearms
 + Level 1.9 Armour
 - Level 2.4 Dodging
 - Level 1.5 Stealth


You had 3 spell levels left.
You didn't know any spells.
Your spell library was empty.

Dungeon Overview and Level Annotations

Branches:
Dungeon (4/15)
 Temple: D:4-7

Altars:


Innate Abilities, Weirdness & Mutations

You are immune to poison.
Your flesh is cold resistant. (rC+)
You are immune to negative energy. (rN+++)
You are immune to unholy pain and torment.
You are vulnerable to heat. (rF-)
You are in touch with the powers of death.
You do not drink.


Message History

a +0 trident; an orc corpse
i - a +0 trident
i - a +0 trident (weapon)
Okay, then.
HP restored.
A centaur comes into view. It is wielding a +0 rapier.
The centaur shouts!
You hear a shout!
The centaur unwields a +0 rapier.
The centaur wields a +0 shortbow.
The centaur shoots an arrow.
The arrow hits you.
The centaur shoots an arrow.
The arrow hits you!
As you read the scroll of summoning, it crumbles to dust.
Wisps of shadow whirl around you... What are your orders? t - Shout!
Orders for allies: a - Attack new target. r - Retreat! s - Stop attacking. g - Guard the area. f - Follow me.
Anything else - Cancel.
Guard this area!
Your hobgoblin hits the centaur.
You swap places.
Something hits your hobgoblin.
Your hobgoblin dies!
Your hobgoblin's corpse dissolves into shadows!
The centaur unwields a +0 rapier.
The centaur wields a +0 shortbow.
The centaur shoots an arrow.
The arrow barely misses you.
You hear a shout!
Blink to where?
Press: ? - help, Dir - move target
As you read the scroll of blinking, it crumbles to dust.
As you read the scroll of fog, it crumbles to dust.
The scroll dissolves into smoke.
A centaur is nearby!
The centaur shoots an arrow.
The arrow hits you!
* * * LOW HITPOINT WARNING * * *
The centaur shoots an arrow.
The arrow hits you.
* * * LOW HITPOINT WARNING * * *
You are too injured to fight recklessly!
The centaur shoots an arrow.
The arrow closely misses you.
The centaur unwields a +0 shortbow.
The centaur wields a +0 rapier.
The centaur hits you with a +0 rapier!
You die...

#.# #.# #.# #.#
#.# ##### #.#
....c #.# .....
#.# ## #@#
.###############c#
#.......§§§§§§§..#
.#################
##


You could see a centaur.

Vanquished Creatures
  An orc priest (D:4)
  An orc wizard (D:3)
  An adder (D:2)
  2 dart slugs (D:1)
  3 orcs
  5 endoplasms (D:1)
  3 giant cockroaches
  2 goblins
  2 hobgoblins (D:1)
  3 jackals
  5 kobolds
  3 quokkas
  2 ball pythons (D:1)
  6 bats
  4 frilled lizards
  4 rats
47 creatures vanquished.

Vanquished Creatures (others)
  50 plants (D:1)
50 creatures vanquished.

Grand Total: 97 creatures vanquished

Notes
Turn   | Place    | Note
-------+----------+-------------------------------------------
     0 | D:1      | concernfroge the Mummy Monk began the quest for the Orb.
     0 | D:1      | Reached XP level 1. HP: 18/18 MP: 1/1
   342 | D:1      | Reached XP level 2. HP: 24/24 MP: 2/2
   766 | D:1      | Reached skill level 1 in Armour
  1135 | D:1      | Gained mutation: You are in touch with the powers of death.
                  | [Mummy growth]
  1135 | D:1      | Reached XP level 3. HP: 24/29 MP: 3/3
  1361 | D:2      | Found a faded altar of an unknown god.
  1968 | D:2      | Identified the +1 robe of Icoqutycw {rC+ Int+3 SInv}
  2378 | D:4      | Reached XP level 4. HP: 23/37 MP: 4/4
  2502 | D:3      | Reached skill level 4 in Fighting
  2617 | D:3      | Noticed a centaur
  2642 | D:3      | Slain by a centaur

Illustrated notes

Levels and vault maps discovered:
D:1:      roderic_crop_circles_arrival_small, layout_loops_ring
D:2:      layout_rooms, chequers_ecumenical_altar_simple_redux,
          kennysheep_generic_room_10
D:3:      layout_loops_ring, minmay_quantized
D:4:      layout_basic, mainiacjoe_overflow_tiny_flanked, uniq_duvessa

Skill      XL: |  1  2  3  4 |
---------------+-------------+-----
Armour         | 1 |  1.9
Polearms       | 3 |  3.2
Fighting       | 4 |  4.0
Dodging        | |  2.4
Stealth        | |  1.5

Action                   |  1- 3 |  4- 6 || total
-------------------------+-------+-------++-------
Melee: Spear             |   183 |    11 ||   194
  Use: Scroll            |     7 |     3 ||    10
 Stab: Sleeping          |     3 |       ||     3
Armor: Robe              |    14 |       ||    14
       Scale mail        |    45 |     2 ||    47
Dodge: Dodged            |    85 |     4 ||    89

Table legend: (Time is in decaauts)
 A = Elapsed time spent in this place.
 B = Non-inter-level travel time spent in this place.
 C = Inter-level travel time spent in this place.
 D = Time resting spent in this place.
 E = Time spent auto-exploring this place.
 F = Levels seen in this place.
 G = Mean time per level.
                   A        B        C        D        E       F      G
               +--------+--------+--------+--------+--------+-----+--------+
         Total |   2639 |   2529 |    110 |    534 |   1548 |   4 |  659.8 |
       Dungeon |   2639 |   2529 |    110 |    534 |   1548 |   4 |  659.8 |
               +--------+--------+--------+--------+--------+-----+--------+

Top non-repeatable levels by time:
     D:1: 1547 daAuts
     D:2: 528 daAuts
     D:4: 364 daAuts
     D:3: 199 daAuts
